 Dungeon Crawl Stone Soup version 0.23.2-33-g5129a83184 (webtiles) character file.

Game seed: 3660501326786955810

44 FishyPogo the Digger (level 3, -3/30 HPs)
             Began as a Draconian Wanderer on July 26, 2019.
             Slain by Jessica
             ... wielding a +0 club
              (4 damage)
             ... on level 2 of the Dungeon.
             The game lasted 00:08:50 (1059 turns).

FishyPogo the Digger (Draconian Wanderer)           Turns: 1059, Time: 00:08:50

Health: -3/30      AC:  5    Str: 12    XL:     3   Next: 39%
Magic:  3/5        EV: 11    Int: 11    God:
Gold:   6          SH:  4    Dex: 14    Spells: 3/4 levels left

rFire    . . .     SeeInvis .   i - +1 short sword
rCold    . . .     Gourm    .   c - +0 buckler
rNeg     . . .     Faith    .   (armour unavailable)
rPois    .         Spirit   .   (helmet restricted)
rElec    .         Reflect  .   (no cloak)
rCorr    .         Harm     .   (no gloves)
MR       .....                  (no boots)
Stlth    +.........             (no amulet)
HPRegen  0.10/turn              (no ring)
MPRegen  0.09/turn              (no ring)

@: very slightly contaminated
A: unfitting armour, cold-blooded, AC +5
a: no special abilities


You were on level 2 of the Dungeon.
You were hungry.

You visited 1 branch of the dungeon, and saw 2 of its levels.

You collected 6 gold pieces.

Inventory:

Hand Weapons
 i - a +1 short sword (weapon)
Missiles
 e - 3 stones (quivered)
 g - 7 tomahawks
Armour
 a - a +0 large shield
 c - a +0 buckler (worn)
 l - a scarf of cloud immunity
Comestibles
 f - 2 rations


   Skills:
 + Level 2.4 Fighting
   Level 1.0 Crossbows
 - Level 1.0 Throwing
 + Level 0.6 Dodging
 * Level 2.1 Shields
 + Level 1.4 Spellcasting
 + Level 0.9 Conjurations
 + Level 0.7 Air Magic
   Level 4.0 Earth Magic


You had 3 spell levels left.
You knew the following spells:

 Your Spells              Type           Power        Failure   Level  Hunger
a - Shock                 Conj/Air       #...         28%         1    ##.....

Your spell library contained the following spells:

 Spells                   Type           Power        Failure   Level  Hunger
 Sandblast                Erth           #.....       8%          1    ##.....
 Passwall                 Tmut/Erth      #.......     26%         2    ###....
 Stone Arrow              Conj/Erth      #.....       41%         3    ####...
 Petrify                  Tmut/Erth      #.......     86%         4    #####..
 Lee's Rapid Deconstruct  Erth           #.........   91%         5    ######.


Dungeon Overview and Level Annotations

Branches:
Dungeon (2/15)

Altars:
Xom

Annotations:
D:2 Jessica


Innate Abilities, Weirdness & Mutations

Your plain brown scales are hard. (AC +5)
You cannot fit into any form of body armour.
You are cold-blooded and may be slowed by cold attacks.


Message History

You closely miss Jessica.
Jessica is lightly wounded.
Jessica closely misses you.
You barely miss Jessica.
Jessica is lightly wounded.
Jessica hits you but does no damage.
As you read the scroll labeled ARIULAEJ TONE, it crumbles to dust.
It is a scroll of identify.
k - a scroll of enchant weapon Jessica hits you with a +0 club.
* * * LOW HITPOINT WARNING * * *
As you read the scroll labeled UCZAEG TULEY, it crumbles to dust.
You feel blessed for a moment.
It was a scroll of remove curse.
Jessica hits you but does no damage.
As you read the scroll of enchant weapon, it crumbles to dust.
Your +0 short sword glows red for a moment.
You hit Jessica.
Jessica is moderately wounded.
Jessica hits you with a +0 club.
You die...

#......##..
##...........
#.. #)...#...
#.# #........
#<###....#
#........# #####
#..#.....#
#...###..#)#####
.# ###.@@.....#
!. #####....# ..
#..#....# .
##.......#
######.....
##....l. .....
##.. #..


You could see Jessica.

Vanquished Creatures
  An ooze (D:1)
  3 dart slugs (D:1)
  A leopard gecko (D:1)
  2 ball pythons (D:1)
  2 giant cockroaches (D:1)
  A goblin (D:1)
  4 hobgoblins
  4 jackals (D:1)
  4 bats
  3 frilled lizards (D:1)
  4 kobolds (D:1)
  2 rats (D:1)
31 creatures vanquished.

Notes
Turn   | Place    | Note
-------+----------+-------------------------------------------
     0 | D:1      | FishyPogo the Draconian Wanderer began the quest for the
                  | Orb.
     0 | D:1      | FishyPogo set off with the following items: a +0 dagger, a
                  | +0 buckler, a ration; and the following spells available to
                  | memorise: Sandblast, Passwall, Shock, Stone Arrow, Petrify,
                  | Lee's Rapid Deconstruction
     0 | D:1      | Reached XP level 1. HP: 17/17 MP: 2/2
     2 | D:1      | Learned a level 1 spell: Shock
   115 | D:1      | Reached XP level 2. HP: 19/24 MP: 3/3
   644 | D:1      | Reached XP level 3. HP: 30/30 MP: 5/5
   971 | D:2      | Found a shimmering altar of Xom.
  1027 | D:2      | Noticed Jessica
  1056 | D:2      | HP: 1/30 [Jessica/+0 club (4)]
  1059 | D:2      | Slain by Jessica

Skill      XL: |  1  2  3 |
---------------+----------+-----
Shields        | 2 |  2.1
Fighting       | |  2.4
Crossbows      | |  1.0
Throwing       | |  1.0
Dodging        | |  0.6
Spellcasting   | |  1.4
Conjurations   | |  0.9
Air Magic      | |  0.7
Earth Magic    | |  4.0

Action                   || total
-------------------------++-------
Melee: Dagger            ||    44
       Tailslap          ||    12
       Short sword       ||    53
 Cast: Shock             ||    23
  Use: Scroll            ||     4
 Stab: Sleeping          ||     2
  Eat: Chunk             ||     1
Armor: Skin              ||    23
Dodge: Dodged            ||    53
Block: Buckler           ||    20
